 Dungeon Crawl Stone Soup version 0.30-a0-371-gad7725a93e (webtiles) character file.

Game seed: 16783752850108224857

6932 leviel the Carver (level 11, -17/132 HPs)
             Began as a Hill Orc Fighter on Nov 21, 2022.
             Was a Follower of the Shining One.
             Demolished by an orc warrior
             ... wielding a +0 long sword
              (22 damage)
             ... on level 9 of the Dungeon.
             The game lasted 00:16:16 (8655 turns).

leviel the Carver (Hill Orc Fighter)                Turns: 8655, Time: 00:16:17

Health: -17/132    AC:  9    Str: 24    XL:     11   Next: 7%
Magic:  11/11      EV: 13    Int:  8    God:    the Shining One [*.....]
Gold:   429        SH:  5    Dex: 10    Spells: 10/10 levels left

rFire   . . .      SeeInvis .    w - +4 scimitar (freeze)
rCold   . . .      Faith    .    c - +0 buckler
rNeg    . . .      Spirit   .    b - +0 scale mail
rPois   +          Reflect  .    (no helmet)
rElec   .          Harm     .    f - +1 cloak
rCorr   .          Rampage  .    (no gloves)
Will    .....                    (no boots)
Stlth   ..........               (no amulet)
HPRegen 0.42/turn                p - ring of poison resistance
MPRegen 0.12/turn                o - +4 ring of evasion

@: berserking, glowing, very quick
A: no striking features
a: Renounce Religion, Divine Shield


You were on level 9 of the Dungeon.
You worshipped the Shining One.
The Shining One was aware of your devotion.
You visited 2 branches of the dungeon, and saw 10 of its levels.

You collected 487 gold pieces.
You spent 58 gold pieces at shops.

Inventory:

Hand Weapons
 s - a +3 short sword of venom
 w - a +4 scimitar of freezing (weapon)
 y - a +4 falchion
Armour
 b - a +0 scale mail (worn)
 c - a +0 buckler (worn)
 f - a +1 cloak (worn)
Jewellery
 o - a +4 ring of evasion (right hand)
 p - a ring of poison resistance (left hand)
 r - a ring of resist corrosion
 u - a ring of willpower
 D - a ring of positive energy
Wands
 a - a wand of paralysis (6)
 h - a wand of quicksilver (1)
 j - a wand of digging (8)
 z - a wand of mindburst (17)
Scrolls
 d - 2 scrolls of amnesia
 k - 3 scrolls of identify {@r1}
 m - a scroll of teleportation
 B - a scroll of enchant armour {@r2}
Potions
 g - a potion of curing
 i - a potion of flight
 l - 2 potions of mutation
 q - 2 potions of brilliance
 t - 2 potions of degeneration {unknown}
 v - 2 potions of cancellation {unknown}
 x - a potion of attraction {unknown}
 A - a potion of magic {unknown}
 C - a potion of resistance


   Skills:
 + Level 5.5 Fighting
 - Level 7.0(11.3) Short Blades
 - Level 14.9(15.6) Long Blades
 - Level 5.0 Armour
 - Level 5.1 Shields


You had 10 spell levels left.
You didn't know any spells.
Your spell library contained the following spells:

 Spells                   Type           Power      Damage    Failure   Level
 Freeze                   Ice            0%         1d3       78%         1
 Scorch                   Fire           0%         2d5       89%         2
 Frozen Ramparts          Ice            0%         1d1       98%         3
 Hailstorm                Conj/Ice       0%         3d3       98%         3
 Ignite Poison            Fire/Tmut/Pois 0%         N/A       98%         3
 Kindle Blastsparks       Fire/Tloc/Air  0%         2d10      98%         3
 Flame Wave               Conj/Fire      0%         2d4       100%        4
 Manifold Assault         Tloc           0%         N/A       100%        4
 Freezing Cloud           Conj/Ice/Air   0%         6-21      100%        5
 Dispersal                Tloc           0%         N/A       100%        6
 Summon Cactus Giant      Summ           0%         N/A       100%        6
 Disjunction              Tloc           0%         N/A       100%        8


Dungeon Overview and Level Annotations

Branches:
Dungeon (9/15)             Temple (1/1) D:7
   Lair: D:8-11         Orc: D:9-12

Altars:
Ashenzari
Cheibriados
Dithmenos
Fedhas
Gozag
Hepliaklqana
Makhleb
Nemelex Xobeh
Okawaru
Qazlal
Ru
Sif Muna
Uskayaw
Vehumet
Wu Jian
Yredelemnul
Zin
The Shining One

Shops:
D:2 *   D:3 =   D:5 [   D:6 =*=


Message History

Wisps of shadow swirl around the orc warrior.
You slash the orc warrior! You freeze the orc warrior.
The orc warrior is heavily wounded.
The orc warrior hits you with a +0 long sword!
You barely miss the orc warrior.
The orc warrior is heavily wounded.
The orc warrior closely misses you.
The gnoll bouda barks out a call to the hunt!
The gnolls pick up the pace!
The orc warrior hits you with a +0 long sword.
The orc warrior attacks as you move away!
The orc warrior closely misses you.
The gnoll bouda gazes fiercely through you!
You feel your attacks grow feeble.
The orc warrior attacks as you move away!
You block the orc warrior's attack. The gnoll misses you.
The orc warrior misses you. The orc warrior closely misses you.
The gnoll barely misses you.
The orc warrior hits you with a +0 long sword!
The gnoll closely misses you.
There is an open door here.
The orc warrior hits you with a +0 long sword!!
You hit the orc warrior but do no damage.
The orc warrior is heavily wounded.
The gnoll closely misses you. x2; The orc warrior barely misses you.
You slash the orc warrior! You freeze the orc warrior.
The orc warrior is severely wounded.
Your attacks no longer feel as feeble.
The orc warrior hits you but does no damage.
The gnoll hits you from afar with a +0 spear.
You feel better. The gnoll hits you but does no damage.
The orc warrior hits you with a +0 long sword!!
* * * LOW HITPOINT WARNING * * *
A red film seems to cover your vision as you go berserk!
You feel yourself moving faster!
You feel mighty!
The orc warrior hits you with a +0 long sword!
* * * LOW HITPOINT WARNING * * *
The gnoll barely misses you.
The orc warrior hits you with a +0 long sword!!
You die...

###### ...... ....#
....# ....# ....#
#####+# ....#
#...#@# #### ....#
#.#.#o#######....
....#
#.#.gggg<........
....##
#)#...o..........
.....#
#.#...g.g........
.....#
###.#))(...).g.....
.....#
#[..#<.............
.....#
#o####........g....
.....## #.#
##'#####......


You could see 2 orc warriors, a gnoll sergeant (summoned, swift) and 4 gnolls.

Vanquished Creatures
  A two-headed ogre (D:6)
  Maurice (D:8)
  Joseph (D:8)
  Maggie (D:8)
  12 yaks (D:9)
  5 wyverns
  Grum (D:8)
  A steam dragon (D:9)
  2 water moccasins
  An orc warrior (D:8)
  A black bear (D:5)
  2 ice beasts
  2 wolves (D:8)
  A centaur (D:5)
  2 kobold brigands
  4 scorpions
  2 necrophages
  6 wights
  6 killer bees (D:9)
  4 howler monkeys
  2 jellies
  Crazy Yiuf (D:6)
  3 orc priests (D:6)
  A hound (D:6)
  5 iguanas
  6 orc wizards
  4 adders
  7 river rats (D:6)
  A white imp (D:6)
  A worm (D:4)
  3 dart slugs (D:1)
  19 orcs
  6 bats
  6 endoplasms
  7 giant cockroaches
  7 goblins
  7 hobgoblins
  7 jackals
  10 quokkas
  7 ball pythons
  3 frilled lizards
  14 kobolds
  20 rats
203 creatures vanquished.

Vanquished Creatures (others)
  10 plants (D:5)
10 creatures vanquished.

Grand Total: 213 creatures vanquished

Notes
Turn   | Place    | Note
-------+----------+-------------------------------------------
     0 | D:1      | leviel the Hill Orc Fighter began the quest for the Orb.
     0 | D:1      | Reached XP level 1. HP: 19/19 MP: 1/1
   115 | D:1      | Reached XP level 2. HP: 23/27 MP: 2/2
   262 | D:1      | Reached XP level 3. HP: 24/33 MP: 3/3
   576 | D:1      | You fall into a shaft and drop 1 floor!
   625 | D:2      | Found Byinnar's General Store.
   628 | D:2      | Bought a scroll of teleportation for 30 gold pieces
  1074 | D:3      | Reached skill level 3 in Long Blades
  1074 | D:3      | Reached XP level 4. HP: 20/41 MP: 4/4
  1353 | D:3      | Found Adui's One-of-a-Kind Rings.
  1358 | D:3      | Bought a +1 ring of dexterity for 28 gold pieces
  1505 | D:4      | Noticed a scorpion
  1510 | D:4      | Reached skill level 1 in Short Blades
  1514 | D:4      | Killed a scorpion
  1515 | D:4      | Reached XP level 5. HP: 42/47 MP: 5/5
  1638 | D:4      | Reached skill level 4 in Long Blades
  1639 | D:4      | Reached XP level 6. HP: 49/53 MP: 6/6
  2117 | D:4      | Noticed an ice beast
  2134 | D:4      | Killed an ice beast
  2211 | D:5      | Entered Level 5 of the Dungeon
  2312 | D:5      | Reached skill level 5 in Fighting
  2354 | D:5      | Noticed a black bear
  2369 | D:5      | Killed a black bear
  2370 | D:5      | Reached XP level 7. HP: 44/61 MP: 7/7
  2523 | D:5      | Reached skill level 5 in Long Blades
  2669 | D:5      | Reached skill level 5 in Shields
  2930 | D:5      | Reached skill level 5 in Armour
  3149 | D:5      | Found Vokkie's Armour Shoppe.
  3487 | D:6      | Reached skill level 6 in Long Blades
  3487 | D:6      | Reached XP level 8. HP: 31/69 MP: 8/8
  3645 | D:6      | Noticed a wyvern
  3654 | D:6      | Killed a wyvern
  3750 | D:6      | Found Wuwigey's Jewellery Shop.
  3773 | D:6      | Found Bena's General Store.
  3955 | D:6      | Found Esmycam's Jewellery Shoppe.
  4373 | D:6      | Noticed a two-headed ogre
  4401 | D:6      | Killed a two-headed ogre
  4402 | D:6      | Reached skill level 5 in Short Blades
  4402 | D:6      | Reached skill level 8 in Long Blades
  4402 | D:6      | Reached XP level 9. HP: 33/74 MP: 9/9
  4434 | D:6      | Reached skill level 9 in Long Blades
  4998 | D:6      | Found a runed translucent door.
  4999 | D:6      | Noticed Crazy Yiuf
  5166 | D:6      | Killed Crazy Yiuf
  5276 | D:7      | Found a staircase to the Ecumenical Temple.
  5510 | Temple   | Entered the Ecumenical Temple
  5635 | Temple   | Became a worshipper of the Shining One
  5986 | D:7      | Reached skill level 10 in Long Blades
  6496 | D:8      | Noticed Joseph
  6531 | D:8      | Killed Joseph
  6788 | D:8      | Noticed Grum
  6806 | D:8      | Reached skill level 11 in Long Blades
  6821 | D:8      | Killed Grum
  7044 | D:8      | Reached XP level 10. HP: 50/81 MP: 10/10
  7550 | D:8      | Noticed Maurice
  7576 | D:8      | Killed Maurice
  7577 | D:8      | Reached skill level 12 in Long Blades
  7660 | D:8      | Noticed Maggie
  7674 | D:8      | Killed Maggie
  8061 | D:9      | Reached skill level 13 in Long Blades
  8371 | D:9      | Reached * piety under the Shining One
  8430 | D:9      | Reached skill level 14 in Long Blades
  8480 | D:9      | Reached XP level 11. HP: 40/88 MP: 11/11
  8644 | D:9      | Noticed a two-headed ogre
  8655 | D:9      | HP: 5/132 [orc warrior/+0 long sword (17)]
  8655 | D:9      | Demolished by an orc warrior

Illustrated notes

Levels and vault maps discovered:
D:1:      dpeg_arrival_simpleton_a, layout_rooms, grunt_decor_arrowhead
D:2:      layout_basic, serial_shops, nicolae_shop_behind_doors,
          minmay_pentomino_o2
D:3:      layout_rooms, nicolae_shop_unique_rings
D:4:      layout_basic, serial_glass, glass_columns_b, glass_columns_a,
          feat_on_display, feat_on_display
D:5:      layout_loops_ring, serial_shops, shop, serial_bayou,
          serial_bayou_pond_e, serial_bayou_shore_b, serial_bayou_pond_c,
          serial_bayou_shore_a
D:6:      lemuel_ratsnest, layout_basic, serial_shops,
          nicolae_shop_behind_doors, nicolae_shop_competitors_out_of_business,
          nicolae_diamond_shop, portal_sewer_entry_e, lemuel_flame_loot_1,
          uniq_crazy_yiuf_cottage
D:7:      layout_basic, minmay_temple_entry_slanted, minmay_misc_feat_room
D:8:      layout_basic, dk_noncrumbling_3, minmay_misc_feat_five, uniq_joseph,
          uniq_maggie, uniq_grum, uniq_maurice
D:9:      layout_basic, mainiacjoe_overflow_large_starburst, david_orc_3,
          minmay_misc_feat_secret_circle
Temple:   compressed_dpeg_circular_temple

Skill      XL: |  1  2  3  4  5  6  7  8  9 10 |
---------------+-------------------------------+-----
Fighting       | 4 5 |  5.5
Long Blades    | 3 4 6 8 11 14 | 14.9
Short Blades   | 1 2 3 5 7 |  7.0
Armour         | 4 5 |  5.0
Shields        | 4 5 |  5.1

Action                   |  1- 3 |  4- 6 |  7- 9 | 10-12 || total
-------------------------+-------+-------+-------+-------++-------
Melee: Long sword        |    75 |       |       |       ||    75
       Short sword       |    33 |   145 |   382 |    42 ||   602
       Scimitar          |       |       |       |   160 ||   160
Evoke: Wand              |       |     1 |       |     3 ||     4
  Use: Scroll            |     6 |     4 |     9 |     1 ||    20
       Potion            |       |       |     3 |     6 ||     9
Armor: Scale mail        |    53 |    49 |    81 |    39 ||   222
Dodge: Dodged            |    51 |    56 |   145 |    93 ||   345
Block: Buckler           |    21 |    25 |    73 |    34 ||   153

Table legend: (Time is in decaauts)
 A = Elapsed time spent in this place.
 B = Non-inter-level travel time spent in this place.
 C = Inter-level travel time spent in this place.
 D = Time resting spent in this place.
 E = Time spent auto-exploring this place.
 F = Levels seen in this place.
 G = Mean time per level.
                   A        B        C        D        E       F      G
               +--------+--------+--------+--------+--------+-----+--------+
         Total |   8519 |   8189 |    330 |    879 |   5879 |  10 |  851.9 |
       Dungeon |   8359 |   8084 |    275 |    879 |   5795 |   9 |  928.8 |
        Temple |    159 |    104 |     55 |      0 |     84 |   1 |  159.0 |
               +--------+--------+--------+--------+--------+-----+--------+

Top non-repeatable levels by time:
     D:6: 1830 daAuts
     D:8: 1475 daAuts
     D:5: 1114 daAuts
     D:7: 1059 daAuts
     D:4: 711 daAuts
     D:9: 659 daAuts
     D:1: 598 daAuts
     D:3: 458 daAuts
     D:2: 453 daAuts
  Temple: 159 daAuts
